 Dungeon Crawl Stone Soup version 0.21.1-1-g345015fe64 (webtiles) character file.

338 Dox the Ducker (level 6, -4/42 HPs)
             Began as an Octopode Fighter on Apr 8, 2018.
             Slain by an orc priest
             ... wielding a +0 mace
              (7 damage)
             ... on level 4 of the Dungeon.
             The game lasted 00:14:49 (3080 turns).

Dox the Ducker (Octopode Fighter)                   Turns: 3080, Time: 00:14:49

Health: -4/42      AC:  1    Str: 16    XL:     6   Next: 55%
Magic:  6/6        EV: 12    Int: 10    God:
Gold:   144        SH:  9    Dex: 13    Spells: 5/5 levels left

rFire    . . .     SeeInvis .   a - +0 rapier
rCold    . . .     Gourm    .   b - +0 shield
rNeg     . . .     Faith    .   (helmet restricted)
rPois    .         Spirit   .   (no amulet)
rElec    .         Reflect  .   (no ring)
rCorr    .         Harm     .   (no ring)
MR       .....                  (no ring)
Stlth    +++.......             (no ring)
HPRegen  0.14/turn              (no ring)
MPRegen  0.10/turn              (no ring)
                                (no ring)
                                (no ring)

@: no status effects
A: almost no armour, stealthy swim, amphibious, 8 rings, constrict 8, camouflage
1, gelatinous body 1
a: no special abilities


You were on level 4 of the Dungeon.
You were not hungry.

You visited 1 branch of the dungeon, and saw 4 of its levels.

You collected 144 gold pieces.

Inventory:

Hand Weapons
 a - a +0 rapier (weapon)
Missiles
 e - 61 stones (quivered)
Armour
 b - a +0 shield (worn)
Jewellery
 h - an uncursed ring of stealth {unknown}
 o - a cursed -3 ring of dexterity {unknown}
 v - an uncursed amulet of the gourmand {unknown}
 w - a +3 ring of protection {unknown}
Scrolls
 f - 4 scrolls of remove curse {unknown}
 g - 3 scrolls of identify {unknown}
 i - a scroll of blinking {unknown}
 k - 2 scrolls of magic mapping {unknown}
 m - a scroll of fear {unknown}
 t - a scroll of immolation {unknown}
 u - a scroll of enchant armour {unknown}
 y - a scroll of enchant weapon {unknown}
Potions
 c - a potion of might
 j - 2 potions of haste {unknown}
 l - 2 potions of curing {unknown}
 p - a potion of mutation {unknown}
 q - 2 potions of brilliance {unknown}
 r - a potion of ambrosia {unknown}
 s - a potion of heal wounds {unknown}
 x - a potion of experience {unknown}
 z - a potion of resistance {unknown}
 A - a potion of invisibility
Comestibles
 d - 8 rations


   Skills:
 + Level 3.4 Fighting
 + Level 3.6 Short Blades
 + Level 1.5 Throwing
 + Level 3.8 Dodging
 + Level 3.1 Stealth
 + Level 3.8 Shields
 * Level 2.2 Unarmed Combat


You had 5 spell levels left.
You didn't know any spells.

Dungeon Overview and Level Annotations

Branches:
Dungeon (4/15)
 Temple: D:4-7

Altars:
Gozag
Kikubaaqudgha

Shops:
D:2 *


Innate Abilities, Weirdness & Mutations

You cannot wear most types of armour.
You are very stealthy in the water. (Stealth+)
You are amphibious.
You can wear up to eight rings at the same time.
You can use your tentacles to constrict eight enemies at once.
Your skin changes colour to match your surroundings (Stealth+).
Your rubbery body absorbs attacks. (AC +1, EV +1)


Message History

The orc priest calls down the wrath of Beogh upon you.
Beogh smites you!
You puncture the orc priest!
You kill the orc priest!
The orc wizard casts a spell.
The orc wizard flickers and vanishes!
Deactivating autopickup; reactivate with Ctrl-A.
You hit the orc priest but do no damage.
Your grab misses the orc priest. You block the phantom's attack.
You hit the orc priest. Your grab misses the orc priest.
The orc priest is moderately wounded.
The orc priest hits you with a mace.
* * * LOW HITPOINT WARNING * * *
The phantom hits you.
* * * LOW HITPOINT WARNING * * *
You hit the orc priest. You grab the orc priest. You squeeze the orc priest.
The orc priest is severely wounded.
You constrict the orc priest. You block something's attack.
The phantom misses you. The orc priest hits you with a mace!
You die...

#.............
########.......##...#
.......'.......+.....
##########.......##.#.#
... #.......##.#..
#.######.......##.##.
#..............##.#..
##.............# #.#
#.o@))........# #.#
#?.....W..........# #.#
#####.#.###.......# #.#
#'#.. .....#### #<# .
... ..#### ### ..o....
.# ........ #.....#...


You could see a phantom and an orc priest.

Vanquished Creatures
  2 orc priests (D:4)
  Crazy Yiuf (D:2)
  Terence (D:3)
  An orc wizard (D:4)
  Robin (D:2)
  A gnoll (D:1)
  5 adders
  An ooze (D:2)
  3 worms
  3 dart slugs
  3 leopard geckos
  7 orcs (D:4)
  6 giant cockroaches
  16 goblins
  14 hobgoblins
  4 jackals
  6 kobolds
  A quokka (D:2)
  3 ball pythons
  11 bats
  6 frilled lizards
  A jackal skeleton (D:3)
  15 rats
112 creatures vanquished.

Notes
Turn   | Place    | Note
-------+----------+-------------------------------------------
     0 | D:1      | Dox the Octopode Fighter began the quest for the Orb.
     0 | D:1      | Reached XP level 1. HP: 16/16 MP: 1/1
     0 | D:1      | Noticed an octopode
     0 | D:1      | Noticed a ghoul
     1 | D:1      | Noticed a gargoyle
     3 | D:1      | Noticed a minotaur
    10 | D:1      | Noticed an elf
    10 | D:1      | Noticed a felid
    12 | D:1      | Noticed a human
    14 | D:1      | Noticed a dwarf
    14 | D:1      | Noticed a spriggan
    16 | D:1      | Noticed a ghoul
    18 | D:1      | Noticed an ogre
    20 | D:1      | Noticed an octopode
   188 | D:1      | Reached XP level 2. HP: 3/21 MP: 2/2
   546 | D:1      | Reached XP level 3. HP: 26/26 MP: 3/3
   642 | D:1      | Reached skill level 1 in Stealth
  1156 | D:2      | Reached XP level 4. HP: 28/31 MP: 4/4
  1309 | D:2      | Found a runed door.
  1476 | D:2      | Noticed Robin
  1483 | D:2      | Killed Robin
  1483 | D:2      | Reached skill level 1 in Unarmed Combat
  1511 | D:2      | Found Gozag's Platinum Reserve.
  1511 | D:2      | Found an opulent altar of Gozag.
  1745 | D:2      | Found an ancient bone altar of Kikubaaqudgha.
  1829 | D:2      | Reached XP level 5. HP: 36/36 MP: 5/5
  2276 | D:2      | Noticed Crazy Yiuf
  2282 | D:2      | Killed Crazy Yiuf
  2401 | D:3      | Noticed Terence
  2409 | D:3      | Killed Terence
  2454 | D:3      | Reached skill level 1 in Throwing
  2671 | D:3      | Reached XP level 6. HP: 42/42 MP: 6/6
  3074 | D:4      | Noticed a phantom
  3080 | D:4      | Slain by an orc priest

Skill      XL: |  1  2  3  4  5  6 |
---------------+-------------------+-----
Stealth        | 1 2 3 |  3.1
Unarmed Combat | 1 2 |  2.2
Short Blades   | 3 |  3.6
Throwing       | 1 |  1.5
Fighting       | |  3.4
Dodging        | |  3.8
Shields        | |  3.8

Action                   |  1- 3 |  4- 6 || total
-------------------------+-------+-------++-------
Melee: Rapier            |    79 |   145 ||   224
       Tentacles         |    13 |    28 ||    41
       Constrict         |    19 |    36 ||    55
       Punch             |       |     1 ||     1
Throw: Stone             |     5 |    67 ||    72
 Stab: Sleeping          |     5 |    12 ||    17
  Eat: Chunk             |       |     7 ||     7
Armor: Skin              |     6 |     8 ||    14
Dodge: Dodged            |    33 |    44 ||    77
Block: Shield            |    25 |    41 ||    66
